 Dungeon Crawl Stone Soup version 0.27-a0-972-gd1521fd518 (webtiles) character file.

Game seed: 4659111880708310798

3649 Orlauf the Carver (level 9, -1/73 HPs)
             Began as a Demonspawn Gladiator on Apr 13, 2021.
             Was a Follower of Uskayaw.
             Slain by Psyche
             ... wielding a +2 dagger of distortion
              (3 damage)
             ... on level 8 of the Dungeon.
             The game lasted 00:14:16 (10092 turns).

Orlauf the Carver (Demonspawn Gladiator)           Turns: 10092, Time: 00:14:18

Health: -1/73      AC: 19    Str: 16    XL:     9   Next: 88%
Magic:  21/21      EV:  8    Int:  9    God:    Uskayaw [*.....]
Gold:   1072       SH:  5    Dex: 17    Spells: 8/8 levels left

rFire    . . .     SeeInvis .   a - +0 long sword
rCold    . . .     Faith    .   (no shield)
rNeg     . . .     Spirit   .   n - +0 chain mail
rPois    .         Reflect  +   (helmet restricted)
rElec    .         Harm     .   s - +2 cloak
rCorr    .         Rampage  .   f - +1 pair of gloves
Will     .....                  v - +1 pair of boots {Stlth+}
Stlth    ++........             b - amulet of reflection
HPRegen  0.22/turn              h - ring of magical power
MPRegen  0.17/turn              (no ring)

@: studying Stealth
A: antennae 1, rugged brown scales 2, demonic guardian 1, icemail 1,
condensation shield
a: Renounce Religion, Stomp


You were on level 8 of the Dungeon.
You worshipped Uskayaw.
Uskayaw was noncommittal.
You visited 2 branches of the dungeon, and saw 9 of its levels.
You also visited: Sewer.

You collected 1464 gold pieces.
You spent 392 gold pieces at shops.

Inventory:

Hand Weapons
 a - a +0 long sword (weapon)
Missiles
 d - 7 atropa-tipped darts
 o - 17 poisoned darts (quivered)
Armour
 f - a +1 pair of gloves (worn)
 n - a +0 chain mail (worn)
 s - a +2 cloak (worn)
 t - a +0 plate armour
 v - a +1 pair of boots of stealth (worn)
Jewellery
 b - an amulet of reflection (around neck)
 h - a ring of magical power (left hand)
 r - a ring of ice
 x - an amulet of the acrobat
Scrolls
 i - 3 scrolls of teleportation
 l - 5 scrolls of amnesia
 m - 2 scrolls of magic mapping
 w - a scroll of identify
Potions
 c - a potion of mutation {unknown}
 e - a potion of lignification
 g - a potion of ambrosia
 j - 2 potions of flight
 k - 2 potions of heal wounds
 p - 3 potions of brilliance
 q - 2 potions of curing
 z - a potion of cancellation
 A - a potion of resistance


   Skills:
 - Level 6.3 Fighting
 + Level 9.1 Long Blades
 - Level 1.7 Throwing
 * Level 4.9 Armour
 - Level 2.6 Dodging
 - Level 7.5 Stealth
 + Level 4.9 Invocations


You had 8 spell levels left.
You didn't know any spells.
Your spell library contained the following spells:

 Spells                   Type           Power      Damage    Failure   Level
 Animate Skeleton         Necr           0%         N/A       99%         1
 Apportation              Tloc           0%         N/A       99%         1
 Corona                   Hex            0%         N/A       99%         1
 Summon Small Mammal      Summ           0%         N/A       99%         1


Dungeon Overview and Level Annotations

Branches:
Dungeon (8/15)             Temple (1/1) D:7           Sewer (visited)
   Lair: D:8-11

Altars:
Ashenzari
Cheibriados
Dithmenos
Elyvilon
Fedhas
Gozag
Hepliaklqana
Kikubaaqudgha
Nemelex Xobeh
Okawaru
Qazlal
Trog
Uskayaw
Wu Jian
Xom
Zin
The Shining One
Beogh

Shops:
D:7 !

Annotations:
D:8 Psyche


Innate Abilities, Weirdness & Mutations

You have a pair of small antennae on your head.
You are mostly covered in rugged brown scales. (AC +2, +5% HP)
A weak demonic guardian rushes to your aid.
A meltable icy envelope protects you from harm. (AC +0)
A meltable shield of frost defends you. (SH +0)


Message History

Psyche is lightly wounded.
You feel sick.
Psyche laughs secretively.
Psyche hits you but does no damage. Space bends around you.
You barely miss Psyche.
Psyche is lightly wounded.
You feel sick.
Psyche gestures at herself while chanting.
Psyche flickers and vanishes!
Deactivating autopickup; reactivate with Ctrl-A.
No target in view!
No target in view!
No target in view!
You slash something!
You feel sick. Something hits you but does no damage. Space bends around you.
You barely miss something.
You feel sick. Something hits you. Space warps horribly around you!
Something hits you but does no damage.
You blink.
You feel sick.
You hear some strange, mumbled words.
A swirling arc of seething chaos appears!
An arc of chaos appears from out of thin air!
The arc of chaos hits you but does no damage.
Your icy defenses dissipate!
The arc of chaos grounds out.
Items here: ))))) [[ รทรทรท.
You feel sick.
You are no longer poisoned.
Something hits you but does no damage. Space bends around you.
You see here a yak skeleton.
You miss something. Something hits you but does no damage.
Space bends around you.
Your chain mail prevents you from hitting something.
Something hits you.
* * * LOW HITPOINT WARNING * * *
Space warps horribly around you!
* * * LOW HITPOINT WARNING * * *
A demonic guardian appears!
Something hits you but does no damage. Space bends around you.
You die... .......## #.....#{ #......# ##.##..#....._ ##.....#####.####.#..... .........##..# #.#..... ......##.....## ### ... .....#####(...##### .oo

##..##
##.....##.###o###
.#..#
##..##..{#...#)..#
....#
##..#####.@)..#.[#
....###..##
#...<))[)##
.........#
#.5.))##..#
..###...##
#....####.# ..#
##...# #...## ..#
..# ##....##...##
#..# ..#
#........## ..#
..# ..######.# .##
.. .## #.#


You could see a friendly ufetubus (summoned, wandering).

Vanquished Creatures
  5 yaks
  2 water moccasins (D:4)
  An ice beast (D:7)
  2 orc warriors (D:8)
  A black bear (D:5)
  2 necrophages
  A hornet zombie (D:6)
  An ogre (D:4)
  A phantom (D:6)
  2 kobold brigands (Sewer)
  2 bullfrogs (D:6)
  A gnoll sergeant (D:4)
  2 water moccasin zombies
  3 wights (D:8)
  A centaur zombie (D:7)
  2 orc priests
  2 bullfrog skeletons
  2 hounds
  A jelly (D:6)
  A centaur skeleton (D:7)
  3 iguanas
  3 orc wizards
  A killer bee zombie (D:7)
  2 hound skeletons
  A howler monkey zombie (D:7)
  5 adders
  6 gnolls
  A river rat (D:3)
  A shadow imp (D:6)
  An ufetubus (D:4)
  A worm (D:2)
  29 orcs
  7 ball pythons
  5 bats
  6 endoplasms
  8 giant cockroaches
  9 goblins
  8 hobgoblins
  A jackal (D:1)
  14 kobolds
  2 quokkas
  5 frilled lizards
  9 rats
163 creatures vanquished.

Vanquished Creatures (collateral kills)
  A two-headed ogre (D:8)
  A water moccasin (D:7)
  A wight (D:8)
  An orc wizard (D:7)
  A worm (D:2)
  4 orcs
  4 kobolds (Sewer)
  A rat (D:3)
14 creatures vanquished.

Vanquished Creatures (others)
  2 plants (Sewer)
2 creatures vanquished.

Grand Total: 179 creatures vanquished

Notes
Turn   | Place    | Note
-------+----------+-------------------------------------------
     0 | D:1      | Orlauf the Demonspawn Gladiator began the quest for the
                  | Orb.
     0 | D:1      | Reached XP level 1. HP: 16/16 MP: 1/1
   251 | D:1      | Reached skill level 3 in Long Blades
   254 | D:1      | Gained mutation: A meltable shield of frost defends you.
                  | (SH +0) [demonic ancestry]
   254 | D:1      | Reached XP level 2. HP: 20/22 MP: 2/2
   305 | D:1      | Reached skill level 1 in Stealth
   769 | D:1      | Gained mutation: A weak demonic guardian rushes to your
                  | aid. [demonic ancestry]
   769 | D:1      | Reached XP level 3. HP: 28/28 MP: 3/3
  1702 | D:2      | Found a sparkling altar of Nemelex Xobeh.
  2217 | D:3      | Gained mutation: You are partially covered in rugged brown
                  | scales. (AC +1, +3% HP) [demonic ancestry]
  2217 | D:3      | Reached XP level 4. HP: 27/35 MP: 4/4
  2593 | D:3      | Found a glowing drain.
  2600 | Sewer    | Entered a sewer
  2875 | Sewer    | Noticed a kobold brigand
  2902 | Sewer    | Killed a kobold brigand
  2903 | Sewer    | Reached skill level 4 in Long Blades
  2903 | Sewer    | Gained mutation: You are mostly covered in rugged brown
                  | scales. (AC +2, +5% HP) [demonic ancestry]
  2903 | Sewer    | Reached XP level 5. HP: 19/43 MP: 5/5
  4101 | D:4      | Gained mutation: A meltable icy envelope protects you from
                  | harm. (AC +0) [demonic ancestry]
  4101 | D:4      | Reached XP level 6. HP: 36/49 MP: 6/6
  4482 | D:4      | Reached skill level 5 in Long Blades
  4953 | D:5      | Entered Level 5 of the Dungeon
  4953 | D:5      | Noticed a water moccasin
  4953 | D:5      | Noticed a water moccasin
  4968 | D:4      | Killed a water moccasin
  4985 | D:4      | Killed a water moccasin
  4986 | D:4      | Reached skill level 5 in Stealth
  4986 | D:4      | Gained mutation: You have a pair of small antennae on your
                  | head. [demonic ancestry]
  4986 | D:4      | Reached XP level 7. HP: 51/56 MP: 7/7
  5065 | D:5      | Reached skill level 6 in Long Blades
  5189 | D:5      | Found a hazy altar of Hepliaklqana.
  5191 | D:5      | Found an opulent altar of Gozag.
  5277 | D:5      | Found a shimmering altar of Xom.
  5277 | D:5      | Found a shimmering altar of Xom.
  5277 | D:5      | Found a shimmering altar of Xom.
  5278 | D:5      | Found a shimmering altar of Xom.
  5724 | D:5      | Reached skill level 5 in Fighting
  5724 | D:5      | Reached XP level 8. HP: 37/65 MP: 8/8
  6158 | D:5      | Found a bloodstained altar of Trog.
  6158 | D:5      | Found an iron altar of Okawaru.
  6296 | D:6      | Reached skill level 7 in Long Blades
  6336 | D:6      | Identified 3 scrolls of acquirement
  6336 | D:6      | Acquired a +0 pair of boots of stealth
  6362 | D:6      | Acquired 698 gold pieces
  7143 | D:6      | Found a snail-covered altar of Cheibriados.
  7143 | D:6      | Found an ornate altar of the Wu Jian Council.
  7651 | D:7      | Reached skill level 8 in Long Blades
  7747 | D:7      | Acquired 458 gold pieces
  7773 | D:7      | Reached XP level 9. HP: 70/70 MP: 9/9
  7782 | D:7      | Found a staircase to the Ecumenical Temple.
  7891 | D:7      | Found Yrinov's Distillery.
  7917 | Temple   | Entered the Ecumenical Temple
  7933 | Temple   | Became a worshipper of Uskayaw the Reveller
  7971 | D:7      | Bought a potion of haste for 140 gold pieces
  7971 | D:7      | Bought a potion of cancellation for 112 gold pieces
  7971 | D:7      | Bought a potion of resistance for 140 gold pieces
  8005 | D:7      | Reached * piety under Uskayaw
  8258 | D:8      | Noticed a two-headed ogre
  8270 | D:8      | Reached ** piety under Uskayaw
  8278 | D:8      | Noticed Psyche
  8673 | D:8      | Reached *** piety under Uskayaw
  8675 | D:8      | Reached skill level 1 in Armour
  8675 | D:8      | Reached skill level 1 in Invocations
  8677 | D:8      | Reached **** piety under Uskayaw
  8917 | D:8      | HP: 1/71 [two-headed ogre/+0 giant spiked club (15)]
  8919 | D:8      | Killed a two-headed ogre
  9496 | D:7      | Reached skill level 9 in Long Blades
 10092 | D:8      | HP: 2/73 [something (16)]
 10092 | D:8      | Slain by Psyche

Illustrated notes

Levels and vault maps discovered:
D:1:      nzn_arrival_depleted_hourglass, layout_loops_ring,
          roderic_serpentine_path, serial_bayou_pond_e, st_stairs_5,
          minivault_4, corner_web_ring, minmay_hexomino_c4
D:2:      layout_rooms, basic_altar
D:3:      layout_basic, portal_sewer_entry_e, columned_hall_lemuel
D:4:      layout_layer_cave
D:5:      layout_basic, grunt_temple_overflow_bloody_war, xom_redecorated,
          minitemple
D:6:      layout_basic, gammafunk_temple_overflow_wave
D:7:      layout_cave_pools, minmay_temple_entry_mini_moons, serial_shops, shop,
          kennysheep_generic_room_12
D:8:      layout_layer_cave, kennysheep_little_box, special_room
          [special_room_orc], uniq_psyche
Temple:   cyrus_circular_temple

Skill      XL: |  1  2  3  4  5  6  7  8  9 |
---------------+----------------------------+-----
Long Blades    | 3 4 5 6 8 9 |  9.1
Stealth        | 1 2 3 5 6 7 |  7.5
Fighting       | 3 4 5 6 |  6.3
Armour         | 4 |  4.9
Invocations    | 4 |  4.9
Throwing       | |  1.7
Dodging        | |  2.6

Action                   |  1- 3 |  4- 6 |  7- 9 || total
-------------------------+-------+-------+-------++-------
Melee: Long sword        |   137 |   201 |   518 ||   856
Throw: Dart              |       |     3 |     4 ||     7
       Throwing net      |       |     1 |     3 ||     4
  Use: Scroll            |     4 |     5 |    10 ||    19
       Potion            |       |     3 |     8 ||    11
 Stab: Sleeping          |     7 |       |     3 ||    10
       Held in net/web   |       |     1 |       ||     1
       Paralysed         |       |       |     8 ||     8
       Distracted        |       |       |     1 ||     1
Armor: Leather armour    |    34 |       |       ||    34
       Chain mail        |    13 |   162 |   384 ||   559
Dodge: Dodged            |    96 |    86 |   209 ||   391
Block: Other             |    20 |   112 |   296 ||   428
       Reflection        |       |     1 |       ||     1
       Rpst.: Long sword |    24 |    28 |    49 ||   101

Table legend: (Time is in decaauts)
 A = Elapsed time spent in this place.
 B = Non-inter-level travel time spent in this place.
 C = Inter-level travel time spent in this place.
 D = Time resting spent in this place.
 E = Time spent auto-exploring this place.
 F = Levels seen in this place.
 G = Mean time per level.
                   A        B        C        D        E       F      G
               +--------+--------+--------+--------+--------+-----+--------+
         Total |  10222 |   9913 |    309 |   2324 |   5595 |  10 | 1022.2 |
       Dungeon |   9269 |   8974 |    295 |   1999 |   5226 |   8 | 1158.6 |
        Temple |     29 |     16 |     13 |      0 |     10 |   1 |   29.0 |
         Sewer |    922 |    922 |      0 |    325 |    359 |   1 |  922.0 |
               +--------+--------+--------+--------+--------+-----+--------+

Top non-repeatable levels by time:
     D:7: 1604 daAuts
     D:4: 1562 daAuts
     D:6: 1303 daAuts
     D:2: 1286 daAuts
     D:1: 946 daAuts
   Sewer: 922 daAuts
     D:8: 909 daAuts
     D:5: 887 daAuts
     D:3: 769 daAuts
  Temple: 29 daAuts
